 Dungeon Crawl Stone Soup version 0.31-a0-339-gda1cbd555d (webtiles) character file.

Game seed: 9762769272444924953

50 arthad the Trooper (level 3, 0/20 HPs)
             Began as a Vine Stalker Berserker on July 21, 2023.
             Was a Believer of Trog.
             Slain by a sleepcap (2 damage)
             ... on level 3 of the Dungeon.
             The game lasted 00:02:35 (1875 turns).

arthad the Trooper (Vine Stalker Berserker)         Turns: 1875, Time: 00:02:36

Health: 0/20       AC:  3    Str: 21    XL:     3   Next: 79%
Magic:  0/4        EV: 12    Int:  7    God:    Trog [**....]
Gold:   146        SH:  0    Dex: 13    Spells: 2/2 levels left

rFire   . . .        a - +0 hand axe
rCold   . . .        (no shield)
rNeg    . . .        b - +0 animal skin
rPois   .            (no helmet)
rElec   .            (no cloak)
rCorr   .            e - +0 pair of gloves
SInv    .            (no boots)
Will    ++...        (no amulet)
Stlth   +            (no ring)
HPRegen 1.23/turn    (no ring)
MPRegen 0.09/turn

%: guardian spirit
@: strong-willed, regenerating
A: fangs 2, magic shield, antimagic bite, no potion heal 2
a: Renounce Religion, Berserk, Trog's Hand


You were on level 3 of the Dungeon.
You worshipped Trog.
Trog was pleased with you.
You visited 1 branch of the dungeon, and saw 3 of its levels.

You collected 146 gold pieces.

Inventory:

Hand Weapons
 a - a +0 hand axe (weapon)
Armour
 b - a +0 animal skin (worn)
 e - a +0 pair of gloves (worn)
Scrolls
 d - a scroll of amnesia {unknown}
 f - a scroll of identify {unknown}
 i - 2 scrolls of blinking {unknown}
Potions
 c - a potion of might {unknown}
 g - a potion of ambrosia {unknown}
 h - a potion of mutation {unknown}


   Skills:
 * Level 3.3 Fighting
 * Level 3.2 Axes
 + Level 1.9 Armour
 + Level 1.9 Dodging


You had 2 spell levels left.
You didn't know any spells.
Your spell library was empty.

Dungeon Overview and Level Annotations

Branches:
Dungeon (3/15)

Altars:


Innate Abilities, Weirdness & Mutations

You have extremely sharp teeth.
When hurt, damage is shared between your health and your magic reserves.
Your bite disrupts and absorbs the magic of your enemies.
Potions cannot restore your health.


Message History

You hit the sleepcap.
You bite the sleepcap, but do no damage.
The sleepcap is heavily damaged.
The sleepcap releases spores at you but does no damage.
You hit the sleepcap but do no damage.
You bite the sleepcap, but do no damage.
The sleepcap is heavily damaged.
The sleepcap closely misses you. The sleepcap barely misses you.
You hit the sleepcap but do no damage.
You bite the sleepcap, but do no damage.
The sleepcap is heavily damaged.
The sleepcap closely misses you.
You hit the sleepcap but do no damage.
The sleepcap is heavily damaged.
The sleepcap closely misses you.
You hit the sleepcap but do no damage.
You bite the sleepcap, but do no damage.
The sleepcap is heavily damaged.
The sleepcap releases spores at you.
* * * LOW HITPOINT WARNING * * *
Your skin crawls.
You feel strong-willed. The sleepcap barely misses you.
You hit the sleepcap but do no damage.
The sleepcap is heavily damaged.
The sleepcap releases spores at you.
* * * LOW HITPOINT WARNING * * *
You hit the sleepcap. You bite the sleepcap. You drain its power.
You feel invigorated.
The sleepcap is heavily damaged.
The sleepcap releases spores at you but does no damage.
You completely miss the sleepcap.
The sleepcap is heavily damaged.
The sleepcap releases spores at you!
* * * LOW HITPOINT WARNING * * *
You hit the sleepcap but do no damage. You bite the sleepcap.
You drain its power.
You feel invigorated.
The sleepcap is severely damaged.
The sleepcap releases spores at you.
You die...

.# .# ###.#
....####.
######........
#..<#.........
#.............
.######........
..$....@.......
.#####.f.......
...........
..##.........
#. #......... #
#.........
..........
......##..


You could see a sleepcap.

Vanquished Creatures
  3 dart slugs
  8 endoplasms
  5 giant cockroaches
  A goblin (D:1)
  4 hobgoblins
  2 ball pythons (D:1)
  3 bats
  5 frilled lizards
  8 kobolds
  3 rats (D:1)
42 creatures vanquished.

Notes
Turn   | Place    | Note
-------+----------+-------------------------------------------
     0 | D:1      | arthad the Vine Stalker Berserker began the quest for the
                  | Orb.
     0 | D:1      | Reached XP level 1. HP: 11/11 MP: 2/2
   275 | D:1      | Reached XP level 2. HP: 16/16 MP: 3/3
   721 | D:1      | Reached XP level 3. HP: 18/20 MP: 4/4
  1201 | D:2      | Reached ** piety under Trog
  1870 | D:3      | HP: 1/20 [sleepcap (3)]
  1875 | D:3      | Slain by a sleepcap

Illustrated notes

Levels and vault maps discovered:
D:1:      dpeg_arrival_signposts, layout_basic, minmay_misc_feat_encased,
          minmay_stone_trees_large, minmay_pentomino_s4
D:2:      layout_loops_ring
D:3:      minmay_evil_eye, layout_basic, nicolae_hepliaklqana_monster_ancestors,
          minmay_between

Skill      XL: |  1  2 |
---------------+-------+-----
Fighting       | 3 |  3.3
Axes           | 3 |  3.2
Armour         | |  1.9
Dodging        | |  1.9

Action                     || total
---------------------------++-------
  Melee: Hand axe          ||   119
         Bite              ||    37
 Invoke: Trog's Hand       ||     1
   Stab: Sleeping          ||     1
 Armour: Animal skin       ||    37
  Dodge: Dodged            ||    64

Table legend: (Time is in decaauts)
 A = Elapsed time spent in this place.
 B = Non-inter-level travel time spent in this place.
 C = Inter-level travel time spent in this place.
 D = Time resting spent in this place.
 E = Time spent auto-exploring this place.
 F = Levels seen in this place.
 G = Mean time per level.
                   A        B        C        D        E       F      G
               +--------+--------+--------+--------+--------+-----+--------+
         Total |   1892 |   1821 |     71 |      0 |   1531 |   3 |  630.7 |
       Dungeon |   1892 |   1821 |     71 |      0 |   1531 |   3 |  630.7 |
               +--------+--------+--------+--------+--------+-----+--------+

Top non-repeatable levels by time:
     D:1: 1200 daAuts
     D:2: 670 daAuts
     D:3: 21 daAuts
